NCAA
OKLAHOMA STATE COWBOYS @ VIRGINIA TECH HOKIES
04/04/2025
 
TOP OF THE 1ST
Oklahoma State Cowboys batting - Pitching for Virginia Tech Hokies : RHP Randy Hill
Pitching: RHP Randy Hill
Batting: RHB Henry Jackson 0-0: Swinging Strike
0-1: Ball
1-1: Swinging Strike
1-2: Fly out, F9 (Flyball, 9M)
Batting: RHB David Alonso 0-0: Ball
1-0: Ball
2-0: Swinging Strike
2-1: Foul Ball, location: 2F
2-2: Strikes out swinging
Batting: RHB Mark Hart 0-0: Swinging Strike
0-1: SOLO HOME RUN (Flyball, 7D), Distance : 368 ft
Batting: SHB John Hill 0-0: Called Strike
0-1: Fly out, F8 (Flyball, 8LM)
Top of the 1st over - 1 run(s), 1 hit(s), 0 error(s), 0 left on base; Oklahoma State 1 - Virginia Tech 0
BOTTOM OF THE 1ST
Virginia Tech Hokies batting - Pitching for Oklahoma State Cowboys : RHP Ron Owen
Pitching: RHP Ron Owen
Batting: RHB Doug Hunt 0-0: Ball
1-0: Swinging Strike
1-1: Ground out 6-3 (Groundball, 6)
Batting: LHB John Eardley 0-0: Called Strike
0-1: Foul Ball, location: 2F
0-2: Foul Ball, location: 2F
0-2: Ball
1-2: Ball
2-2: SOLO HOME RUN (Line Drive, 9LD), Distance : 343 ft
Batting: RHB Kenny Pruitt 0-0: SINGLE (Groundball, 4M)
Batting: LHB Juan Carlos Manuel 0-0: Ball
1-0: Swinging Strike
1-1: Called Strike
Kenny Pruitt steals 2nd base
1-2: Ball
2-2: Foul Ball, location: 2F
2-2: Foul Ball, location: 2F
2-2: Ball
3-2: Base on Balls
Batting: RHB José Dávila 0-0: Swinging Strike
0-1: Grounds into double play, 4-6-3 (Groundball, 4)
Bottom of the 1st over - 1 run(s), 2 hit(s), 0 error(s), 1 left on base; Oklahoma State 1 - Virginia Tech 1
TOP OF THE 2ND
Oklahoma State Cowboys batting - Pitching for Virginia Tech Hokies : RHP Randy Hill
Batting: LHB Dudley Cooper 0-0: Called Strike
0-1: Foul Ball, location: 2F
0-2: Strikes out swinging
Batting: RHB John Lynch 0-0: Ball
1-0: Fly out, F4 (Popup, 4)
Batting: RHB Jack Bradley 0-0: Ball
1-0: Ball
2-0: Called Strike
2-1: SINGLE (Line Drive, 6D)
Batting: RHB Ernest Scott 0-0: Ball
1-0: Fly out, F7 (Flyball, 7M)
Top of the 2nd over - 0 run(s), 1 hit(s), 0 error(s), 1 left on base; Oklahoma State 1 - Virginia Tech 1
BOTTOM OF THE 2ND
Virginia Tech Hokies batting - Pitching for Oklahoma State Cowboys : RHP Ron Owen
Batting: RHB George Martin 0-0: Called Strike
0-1: Ball
1-1: Fly out, F9 (Flyball, 9S)
Batting: RHB Francisco Medina 0-0: SINGLE (Groundball, 4MD)
Batting: RHB Mark Gibson 0-0: Called Strike
0-1: SINGLE (Flyball, 4MD)
Francisco Medina to second
Batting: RHB Juan Ventura 0-0: Fly out, F9 (Flyball, 9LS)
Batting: RHB Doug Hunt 0-0: Ball
1-0: Ball
2-0: Foul Ball, location: 2F
2-1: Ball
3-1: Called Strike
3-2: Foul Ball, location: 2F
3-2: Base on Balls
Francisco Medina to third
Mark Gibson to second
Batting: LHB John Eardley 0-0: Called Strike
0-1: Ball
1-1: Ball
Wild Pitch!
Francisco Medina scores
Mark Gibson to third
Doug Hunt to second
2-1: Reached on Error, E9 (Flyball, 89M)
Mark Gibson scores
Doug Hunt scores
Batting: RHB Kenny Pruitt 0-0: SINGLE (Groundball, 56D)
John Eardley to third
Runner from 3rd tries for Home, SAFE, no throw or cutoff
Batting: LHB Juan Carlos Manuel 0-0: Ball
1-0: Called Strike
1-1: Ball
2-1: Ball
3-1: Swinging Strike
3-2: Ground out 4-3 (Groundball, 4M)
Bottom of the 2nd over - 4 run(s), 3 hit(s), 1 error(s), 1 left on base; Oklahoma State 1 - Virginia Tech 5
TOP OF THE 3RD
Oklahoma State Cowboys batting - Pitching for Virginia Tech Hokies : RHP Randy Hill
Batting: LHB Marc Nash 0-0: Called Strike
0-1: Ball
1-1: SINGLE (Flyball, 89S)
Batting: RHB Henry Jackson 0-0: Ball
1-0: Called Strike
1-1: SINGLE (Flyball, 9S)
Marc Nash to second
Batting: RHB David Alonso 0-0: Ball
1-0: Swinging Strike
1-1: Called Strike
1-2: Strikes out looking
Batting: RHB Mark Hart 0-0: Called Strike
0-1: Ball
1-1: Foul Ball, location: 2F
1-2: Foul Ball, location: 2F
1-2: Strikes out swinging
Batting: SHB John Hill 0-0: Ball
1-0: Ball
2-0: Foul Ball, location: 2F
2-1: Ball
3-1: Foul Ball, location: 2F
3-2: Base on Balls
Marc Nash to third
Henry Jackson to second
Batting: LHB Dudley Cooper 0-0: Called Strike
0-1: Fly out, F7 (Flyball, 78M)
Top of the 3rd over - 0 run(s), 2 hit(s), 0 error(s), 3 left on base; Oklahoma State 1 - Virginia Tech 5
BOTTOM OF THE 3RD
Virginia Tech Hokies batting - Pitching for Oklahoma State Cowboys : RHP Ron Owen
Batting: RHB José Dávila 0-0: Swinging Strike
0-1: Ground out 6-3 (Groundball, 6M)
Batting: RHB George Martin 0-0: Ground out 1-3 (Groundball, 15S)
Batting: RHB Francisco Medina 0-0: Called Strike
0-1: Fly out, F3 (Popup, 3SF)
Bottom of the 3rd over - 0 run(s), 0 hit(s), 0 error(s), 0 left on base; Oklahoma State 1 - Virginia Tech 5
TOP OF THE 4TH
Oklahoma State Cowboys batting - Pitching for Virginia Tech Hokies : RHP Randy Hill
Batting: RHB John Lynch 0-0: Ball
1-0: Ball
2-0: Called Strike
2-1: Ball
3-1: Base on Balls
Batting: RHB Jack Bradley 0-0: Fly out, F7 (Flyball, 7LM)
Batting: RHB Ernest Scott 0-0: Fly out, F7 (Flyball, 78M)
Batting: LHB Marc Nash 0-0: Ball
1-0: Ball
2-0: Called Strike
2-1: Ball
3-1: Base on Balls
John Lynch to second
Batting: RHB Henry Jackson 0-0: Swinging Strike
0-1: Foul Ball, location: 2F
0-2: Foul Ball, location: 2F
0-2: Ball
1-2: Foul Ball, location: 2F
1-2: Foul Ball, location: 2F
1-2: Strikes out swinging
Top of the 4th over - 0 run(s), 0 hit(s), 0 error(s), 2 left on base; Oklahoma State 1 - Virginia Tech 5
BOTTOM OF THE 4TH
Virginia Tech Hokies batting - Pitching for Oklahoma State Cowboys : RHP Ron Owen
Batting: RHB Mark Gibson 0-0: Ball
1-0: Called Strike
1-1: Foul Ball, location: 2F
1-2: Foul Ball, location: 2F
1-2: Ground out 1-3 (Groundball, 15)
Batting: RHB Juan Ventura 0-0: Foul Ball, location: 2F
0-1: Fly out, F8 (Flyball, 8LM)
Batting: RHB Doug Hunt 0-0: Called Strike
0-1: Called Strike
0-2: Ground out 4-3 (Groundball, 4S)
Bottom of the 4th over - 0 run(s), 0 hit(s), 0 error(s), 0 left on base; Oklahoma State 1 - Virginia Tech 5
TOP OF THE 5TH
Oklahoma State Cowboys batting - Pitching for Virginia Tech Hokies : RHP Randy Hill
Batting: RHB David Alonso 0-0: Foul Ball, location: 2F
0-1: Called Strike
0-2: Ball
1-2: SOLO HOME RUN (Flyball, 7LD), Distance : 335 ft
Batting: RHB Mark Hart 0-0: Called Strike
0-1: Called Strike
0-2: Ball
1-2: Ball
2-2: Strikes out swinging
Batting: SHB John Hill 0-0: Called Strike
0-1: Foul Ball, location: 2F
0-2: Ball
1-2: Foul Ball, location: 2F
1-2: Ball
2-2: Foul Ball, location: 2F
2-2: Strikes out swinging
Batting: LHB Dudley Cooper 0-0: Called Strike
0-1: Ground out 4-3 (Groundball, 4)
Top of the 5th over - 1 run(s), 1 hit(s), 0 error(s), 0 left on base; Oklahoma State 2 - Virginia Tech 5
BOTTOM OF THE 5TH
Virginia Tech Hokies batting - Pitching for Oklahoma State Cowboys : RHP Ron Owen
Batting: LHB John Eardley 0-0: Ball
1-0: Foul Ball, location: 2F
1-1: Ball
2-1: Foul Ball, location: 2F
2-2: Foul Ball, location: 2F
2-2: Fly out, F9 (Flyball, 9M)
Batting: RHB Kenny Pruitt 0-0: Ball
1-0: SINGLE (Groundball, 34D)
Batting: LHB Juan Carlos Manuel 0-0: Ball
1-0: Foul Ball, location: 2F
1-1: Ball
2-1: Ball
3-1: Foul Ball, location: 2F
3-2: Strikes out swinging
Batting: RHB José Dávila 0-0: Ball
1-0: Called Strike
Kenny Pruitt is caught stealing 2nd base
Bottom of the 5th over - 0 run(s), 1 hit(s), 0 error(s), 0 left on base; Oklahoma State 2 - Virginia Tech 5
TOP OF THE 6TH
Oklahoma State Cowboys batting - Pitching for Virginia Tech Hokies : RHP Randy Hill
Pitching: RHP Héctor Gonzáles
Batting: RHB John Lynch 0-0: Ball
1-0: Ball
2-0: Called Strike
2-1: Called Strike
2-2: Strikes out swinging
Batting: RHB Jack Bradley 0-0: Foul Ball, location: 2F
0-1: Foul Ball, location: 2F
0-2: Ball
1-2: Ball
2-2: Strikes out looking
Batting: RHB Ernest Scott 0-0: Foul Ball, location: 2F
0-1: Ball
1-1: Foul Ball, location: 2F
1-2: Ground out 4-3 (Groundball, 4)
Top of the 6th over - 0 run(s), 0 hit(s), 0 error(s), 0 left on base; Oklahoma State 2 - Virginia Tech 5
BOTTOM OF THE 6TH
Virginia Tech Hokies batting - Pitching for Oklahoma State Cowboys : RHP Ron Owen
Batting: RHB José Dávila 0-0: Called Strike
0-1: Ball
1-1: Ball
2-1: Ground out 5-3 (Groundball, 5S)
Pitching: LHP Dave Lewis
Batting: RHB George Martin 0-0: Ground out 5-3 (Groundball, 5L)
Batting: RHB Francisco Medina 0-0: Called Strike
0-1: Ball
1-1: Foul Ball, location: 2F
1-2: Fly out, F4 (Popup, 4MD)
Bottom of the 6th over - 0 run(s), 0 hit(s), 0 error(s), 0 left on base; Oklahoma State 2 - Virginia Tech 5
TOP OF THE 7TH
Oklahoma State Cowboys batting - Pitching for Virginia Tech Hokies : RHP Héctor Gonzáles
Batting: LHB Marc Nash 0-0: Called Strike
0-1: Called Strike
0-2: Strikes out swinging
Batting: RHB Henry Jackson 0-0: Fly out, F4 (Popup, 34)
Batting: RHB David Alonso 0-0: DOUBLE (Line Drive, 7M)
Batting: RHB Mark Hart 0-0: Called Strike
0-1: Ball
1-1: Foul Ball, location: 2F
1-2: Ball
2-2: SINGLE (Groundball, 5D)
David Alonso to third
Runner from 3rd tries for Home, SAFE, no throw or cutoff
Batting: SHB John Hill 0-0: Called Strike
Mark Hart steals 2nd base
0-1: Ball
1-1: Fly out, F9 (Flyball, 89M)
Top of the 7th over - 1 run(s), 2 hit(s), 0 error(s), 1 left on base; Oklahoma State 3 - Virginia Tech 5
BOTTOM OF THE 7TH
Virginia Tech Hokies batting - Pitching for Oklahoma State Cowboys : LHP Dave Lewis
Batting: RHB Mark Gibson 0-0: Foul Ball, location: 2F
0-1: Ball
1-1: Ball
2-1: Ball
3-1: SOLO HOME RUN (Flyball, 78XD), Distance : 374 ft
Batting: RHB Juan Ventura 0-0: Called Strike
0-1: Ball
1-1: Swinging Strike
1-2: Strikes out looking
Batting: RHB Doug Hunt 0-0: Fly out, F4 (Popup, 9S)
Batting: LHB John Eardley 0-0: Foul Ball, location: 2F
0-1: Foul Ball, location: 2F
0-2: Ball
1-2: Ball
2-2: Strikes out looking
Bottom of the 7th over - 1 run(s), 1 hit(s), 0 error(s), 0 left on base; Oklahoma State 3 - Virginia Tech 6
TOP OF THE 8TH
Oklahoma State Cowboys batting - Pitching for Virginia Tech Hokies : RHP Héctor Gonzáles
Pitching: RHP Sergio Álvarez
Batting: LHB Dudley Cooper 0-0: Called Strike
0-1: Ball
1-1: Ball
2-1: Ball
3-1: Base on Balls
Batting: RHB John Lynch 0-0: Ball
1-0: SINGLE (Groundball, 6MD)
Dudley Cooper to second
Runner from 2nd tries for 3rd, OUT after rundown.
Batting: RHB Jack Bradley 0-0: Ball
1-0: Ball
2-0: Called Strike
2-1: Ball
3-1: Fly out, F8 (Line Drive, 8RM)
Batting: RHB Ernest Scott 0-0: Ground out 1-3 (Groundball, 25)
Top of the 8th over - 0 run(s), 1 hit(s), 0 error(s), 1 left on base; Oklahoma State 3 - Virginia Tech 6
BOTTOM OF THE 8TH
Virginia Tech Hokies batting - Pitching for Oklahoma State Cowboys : LHP Dave Lewis
Batting: RHB Kenny Pruitt 0-0: Called Strike
0-1: Called Strike
0-2: Ball
1-2: Strikes out swinging
Batting: LHB Juan Carlos Manuel 0-0: Ball
1-0: SINGLE (Groundball, 15S) (infield hit)
Pitching: LHP Joe Hamilton
Batting: RHB José Dávila 0-0: Ball
1-0: Swinging Strike
1-1: Called Strike
1-2: Fly out, F8 (Line Drive, 8LM)
Batting: RHB George Martin 0-0: Ball
1-0: Ball
2-0: Fielders Choice at 2nd, 6-4 (Groundball, 6)
Bottom of the 8th over - 0 run(s), 1 hit(s), 0 error(s), 0 left on base; Oklahoma State 3 - Virginia Tech 6
TOP OF THE 9TH
Oklahoma State Cowboys batting - Pitching for Virginia Tech Hokies : RHP Sergio Álvarez
Pitching: LHP John Judson
Batting: LHB Marc Nash 0-0: Ball
1-0: Called Strike
1-1: Fly out, F9 (Flyball, 89M)
Batting: RHB Henry Jackson 0-0: Swinging Strike
0-1: Swinging Strike
0-2: Ball
1-2: Strikes out swinging
Batting: RHB David Alonso 0-0: Ball
1-0: Called Strike
1-1: Ball
2-1: Ground out 6-3 (Groundball, 6)
Top of the 9th over - 0 run(s), 0 hit(s), 0 error(s), 0 left on base; Oklahoma State 3 - Virginia Tech 6
This league is powered by Out of the Park Baseball, the baseball management simulation game for PC, Mac and Linux
Tuesday, August 2nd, 2016 - OOTP Baseball 16.8 Build 38